 Dungeon Crawl Stone Soup version 0.31.0-9-g3a7656b989 (webtiles) character file.

Game seed: 17586677035150718374

800 qw the Skirmisher (level 7, -2/40 HPs)
             Began as a Deep Elf Hunter on Feb 2, 2024.
             Was an Initiate of Okawaru.
             Slain by a yak (4 damage)
             ... on level 4 of the Dungeon.
             The game lasted 00:00:15 (2984 turns).

qw the Skirmisher (Deep Elf Hunter)                 Turns: 2984, Time: 00:00:16

Health: -2/40      AC:  7    Str: 10    XL:     7   Next: 59%
Magic:  9/9        EV: 11    Int: 14    God:    Okawaru [......]
Gold:   249        SH:  0    Dex: 18    Spells: 6/6 levels left

rFire   + . .        a - +1 shortbow (elec)
rCold   . . .        (shield currently unavailable)
rNeg    . . .        g - +1 ring mail
rPois   .            e - +0 helmet
rElec   .            (no cloak)
rCorr   .            (no gloves)
SInv    .            (no boots)
Will    .....        (no amulet)
Stlth   +            d - ring of protection from fire
HPRegen 0.26/turn    (no ring)
MPRegen 0.11/turn

%: no passive effects
@: about to teleport
A: no striking features
a: Renounce Religion


You were on level 4 of the Dungeon.
You worshipped Okawaru.
Okawaru was noncommittal.
You visited 2 branches of the dungeon, and saw 5 of its levels.

You collected 249 gold pieces.


   Skills:
 - Level 2.0 Fighting
 + Level 11.6 Ranged Weapons
 - Level 1.1 Armour
 - Level 3.3 Dodging
 - Level 1.2 Stealth


You had 6 spell levels left.
You didn't know any spells.
Your spell library was empty.

Inventory:

Hand Weapons
 a - a +1 shortbow of electrocution (weapon)
Armour
 e - a +0 helmet (worn)
 g - a +1 ring mail (worn)
 h - a +0 leather armour of fire resistance
Jewellery
 d - a ring of protection from fire (left hand)
 i - a ring of positive energy
Scrolls
 b - a scroll of identify
Potions
 c - 2 potions of mutation
 f - 2 potions of heal wounds
 j - a potion of ambrosia {unknown}

Dungeon Overview and Level Annotations

Branches:
Dungeon (4/15)             Temple (1/1) D:4

Altars:
Ashenzari
Cheibriados
Dithmenos
Elyvilon
Fedhas
Hepliaklqana
Kikubaaqudgha
Makhleb
Nemelex Xobeh
Okawaru
Qazlal
Sif Muna
Trog
Uskayaw
Vehumet
Wu Jian
Xom
Yredelemnul
Zin
The Shining One

Shops:
D:1 :


Message History

Enter note:
Enter note:
2973 ||| RETREEEEATING.
The yak attacks as it pursues you! The yak gores you but does no damage.
Enter note:
Enter note:
2974 ||| RETREEEEATING.
Enter note:
Enter note:
2975 ||| RETREEEEATING.
The yak attacks as it pursues you! The yak gores you but does no damage.
Enter note:
Enter note:
2976 ||| RETREEEEATING.
Enter note:
Enter note:
2977 ||| RETREEEEATING.
Enter note:
Enter note:
2978 ||| RETREEEEATING.
Enter note:
Enter note:
2979 ||| RETREEEEATING.
Enter note:
Enter note:
2980 ||| RETREEEEATING.
The yak attacks as it pursues you! The yak gores you!
You shoot an arrow. The arrow barely misses the yak.
The yak gores you!
You shoot an arrow. The arrow hits the yak.
The yak is almost dead.
The yak gores you!
You shoot an arrow. The arrow barely misses the yak.
The arrow closely misses the yak.
The yak gores you!
2984 ||| READING scroll of teleportation.
As you read the scroll of teleportation, it crumbles to dust.
You feel strangely unstable. The yak gores you.
You die...

..>..#..)..........##.# #.#
.....#...).....##...#.# #.#
.....#..)......##.#...# #.#
.....#.........##.....# #.#
##'###.........##..#.## ##.#
#.##..........#...#.## #..#
..##..........#.#.#..####.##
..............#.#.##...#..#
#@#.####....# #######Y#...####..#
#.....YY....## #..#
##########.Y..YY......###..######
....YY....Y..g..%................
...g.....g..........##.##.#......
##########..........##...........
#..........##....<.#####
#..........##......#


You could see 5 yaks and a gnoll.

Vanquished Creatures
  Sigmund (D:2)
  Duvessa (D:4)
  An ogre (D:4)
  A scorpion (D:4)
  Dowan (D:4)
  A hound (D:4)
  A jelly (D:4)
  A gnoll bouda (D:4)
  Jessica (D:2)
  4 gnolls (D:4)
  12 adders
  3 ribbon worms
  An orc (D:4)
  9 ball pythons
  8 bats
  7 endoplasms
  5 giant cockroaches
  6 goblins
  9 hobgoblins
  4 jackals (D:2)
  2 quokkas
  6 frilled lizards
  6 kobolds
  3 rats
94 creatures vanquished.

Notes
Turn   | Place    | Note
-------+----------+-------------------------------------------
     0 | D:1      | qw the Deep Elf Hunter began the quest for the Orb.
     0 | D:1      | Reached XP level 1. HP: 12/12 MP: 3/3
     0 | D:1      | 0 ||| qw: Version: 0.3-a-155-g5e7d8dd
     0 | D:1      | 0 ||| qw: Game counter: 717
     0 | D:1      | 0 ||| qw: Melee chars always use a shield: true
     0 | D:1      | 0 ||| qw: God list: Okawaru
     0 | D:1      | 0 ||| qw: Allow faded altars: false
     0 | D:1      | 0 ||| qw: Do Orc after clearing Dungeon:15 true
     0 | D:1      | 0 ||| qw: Do second Lair branch before Depths: true
     0 | D:1      | 0 ||| qw: Lair rune preference: random
     0 | D:1      | 0 ||| qw: Goals: Normal
     0 | D:1      | 0 ||| PLANNING D:1-11
   195 | D:1      | Reached XP level 2. HP: 16/16 MP: 4/4
   201 | D:1      | Found Xeyqyidu's Book Shoppe.
   256 | D:1      | Reached skill level 6 in Ranged Weapons
   816 | D:1      | 816 ||| UPGRADING to +0 scale mail.
   826 | D:1      | 826 ||| DROPPING +0 leather armour.
   827 | D:1      | 827 ||| READING 2 scrolls labelled OSADWU XECLO.
   827 | D:1      | 827 ||| IDENTIFYING pink potion
   828 | D:1      | 828 ||| READING scroll of identify.
   828 | D:1      | 828 ||| IDENTIFYING scroll labelled VYREISK XICH
   829 | D:1      | 829 ||| READING scroll labelled VACRYO DEIZ.
   830 | D:1      | 830 ||| READING scroll labelled CAUT VIOPI.
   834 | D:1      | 834 ||| DROPPING scroll of butterflies.
   859 | D:2      | Reached XP level 3. HP: 20/20 MP: 5/5
   937 | D:2      | Noticed Jessica
   939 | D:2      | Killed Jessica
   940 | D:2      | Reached skill level 7 in Ranged Weapons
   940 | D:2      | Reached XP level 4. HP: 25/25 MP: 6/6
   961 | D:2      | Noticed Sigmund
   968 | D:2      | Killed Sigmund
   969 | D:2      | Reached skill level 9 in Ranged Weapons
   969 | D:2      | Reached XP level 5. HP: 13/29 MP: 7/7
  1378 | D:2      | Found a hide-covered altar of Uskayaw.
  1527 | D:2      | 1527 ||| UPGRADING to ring of protection from fire.
  1528 | D:2      | 1528 ||| READING scroll labelled WIGROO ZEMA.
  1529 | D:2      | 1529 ||| READING scroll labelled ZUCHOA OSTRICK.
  1530 | D:2      | 1530 ||| READING scroll labelled ATHULU PEICU.
  1749 | D:3      | Reached XP level 6. HP: 29/35 MP: 8/8
  1759 | D:3      | 1759 ||| FLEEEEING.
  1862 | D:3      | Reached skill level 1 in Armour
  2012 | D:3      | Found a shadowy altar of Dithmenos.
  2013 | D:3      | 2013 ||| UPGRADING to +0 ring mail.
  2016 | D:3      | 2016 ||| UPGRADING to +0 ring mail.
  2069 | D:3      | 2069 ||| UPGRADING to +0 ring mail.
  2074 | D:3      | 2074 ||| DROPPING +0 scale mail.
  2075 | D:3      | 2075 ||| READING scroll of enchant armour.
  2075 | D:3      | 2075 ||| ENCHANTING +0 ring mail.
  2088 | D:3      | Identified the +6 chain mail "Jetaeck" {+Blink MP-9 Dex+3}
  2191 | D:3      | Found a basalt altar of Yredelemnul.
  2191 | D:3      | Found a shimmering blue altar of Sif Muna.
  2215 | D:3      | 2215 ||| READING 2 scrolls of identify.
  2215 | D:3      | 2215 ||| IDENTIFYING 2 fuming orange potions
  2216 | D:3      | 2216 ||| READING scroll of identify.
  2216 | D:3      | 2216 ||| IDENTIFYING scroll labelled NESTUO XERU
  2217 | D:3      | 2217 ||| READING scroll of brand weapon.
  2217 | D:3      | 2217 ||| BRANDING +0 shortbow.
  2218 | D:3      | 2218 ||| READING scroll labelled VEPRUU DEUZI.
  2218 | D:3      | 2218 ||| ENCHANTING +0 shortbow of electrocution.
  2284 | D:4      | Noticed Duvessa
  2290 | D:4      | Killed Duvessa
  2290 | D:4      | Noticed Dowan
  2291 | D:4      | Reached skill level 10 in Ranged Weapons
  2291 | D:4      | 2291 ||| FLEEEEING.
  2293 | D:4      | 2293 ||| FLEEEEING.
  2300 | D:4      | Killed Dowan
  2301 | D:4      | Reached skill level 3 in Dodging
  2301 | D:4      | Reached XP level 7. HP: 29/40 MP: 9/9
  2400 | D:4      | Reached skill level 11 in Ranged Weapons
  2402 | D:4      | 2402 ||| FLEEEEING.
  2403 | D:4      | 2403 ||| FLEEEEING.
  2404 | D:4      | 2404 ||| FLEEEEING.
  2405 | D:4      | 2405 ||| FLEEEEING.
  2698 | D:4      | Found a staircase to the Ecumenical Temple.
  2699 | D:4      | 2699 ||| PLANNING TEMPLE
  2699 | D:4      | 2699 ||| UPGRADING to +0 helmet.
  2704 | D:4      | 2704 ||| READING 2 scrolls of identify.
  2704 | D:4      | 2704 ||| IDENTIFYING scroll labelled COPROO BEAS
  2705 | D:4      | 2705 ||| DROPPING scroll of revelation.
  2712 | Temple   | Entered the Ecumenical Temple
  2713 | Temple   | 2713 ||| PLANNING OKAWARU WORSHIP
  2735 | Temple   | Became a worshipper of Warmaster Okawaru
  2736 | Temple   | 2736 ||| PLANNING D:1-11
  2955 | D:4      | Noticed a yak
  2956 | D:4      | Noticed a yak
  2956 | D:4      | Noticed a yak
  2957 | D:4      | Noticed a yak
  2957 | D:4      | 2957 ||| RETREEEEATING.
  2960 | D:4      | Noticed a yak
  2961 | D:4      | Noticed a yak
  2966 | D:4      | 2966 ||| RETREEEEATING.
  2967 | D:4      | 2967 ||| RETREEEEATING.
  2968 | D:4      | 2968 ||| RETREEEEATING.
  2969 | D:4      | 2969 ||| RETREEEEATING.
  2970 | D:4      | 2970 ||| RETREEEEATING.
  2971 | D:4      | 2971 ||| RETREEEEATING.
  2972 | D:4      | 2972 ||| RETREEEEATING.
  2973 | D:4      | 2973 ||| RETREEEEATING.
  2974 | D:4      | 2974 ||| RETREEEEATING.
  2975 | D:4      | 2975 ||| RETREEEEATING.
  2976 | D:4      | 2976 ||| RETREEEEATING.
  2977 | D:4      | 2977 ||| RETREEEEATING.
  2978 | D:4      | 2978 ||| RETREEEEATING.
  2979 | D:4      | 2979 ||| RETREEEEATING.
  2980 | D:4      | 2980 ||| RETREEEEATING.
  2983 | D:4      | HP: 2/40 [yak (13)]
  2984 | D:4      | 2984 ||| READING scroll of teleportation.
  2984 | D:4      | Slain by a yak

Levels and vault maps discovered:
D:1:      lightli_arrival_statue_moat, layout_basic, serial_shops, shop,
          chequers_serial_rivers_micro_d, minmay_tromino_v4_b
D:2:      layout_loops_ring, basic_altar, minmay_curled_crystal, uniq_sigmund,
          uniq_jessica
D:3:      layout_rooms, nicolae_dithmenos_through_a_glass_darkly,
          gammafunk_temple_overflow_wave
D:4:      layout_rooms, temple_green, uniq_duvessa
Temple:   nicolae_temple_bog_church

Skill      XL: |  1  2  3  4  5  6  7 |
---------------+----------------------+-----
Ranged Weapons | 6 7 9 10 11 | 11.6
Fighting       | 2 |  2.0
Armour         | 1 |  1.1
Dodging        | 3 |  3.3
Stealth        | |  1.2

Action                     |  1- 3 |  4- 6 |  7- 9 || total
---------------------------+-------+-------+-------++-------
   Fire: Shortbow          |    70 |   158 |    83 ||   311
    Use: Scroll            |     4 |     8 |     2 ||    14
 Armour: Leather armour    |    11 |       |       ||    11
         Scale mail        |    12 |    46 |       ||    58
         Ring mail         |       |     4 |    29 ||    33
         Skin              |       |     1 |       ||     1
  Dodge: Dodged            |    11 |    48 |    23 ||    82

Table legend:
 A = Non-vault XP
 B = Vault XP
 C = Vault XP percentage of total XP
 D = Non-vault monster count
 E = Vault monster count
 F = Vault count percentage of total count
                 A         B        C        D         E       F
            +---------+---------+-------+---------+---------+-------
      Total |     665 |     479 |  41.9 |      88 |       6 |   6.4
            +---------+---------+-------+---------+---------+-------
        D:1 |      29 |       2 |   6.5 |      17 |       2 |  10.5
        D:2 |      80 |     260 |  76.5 |      24 |       2 |   7.7
        D:3 |      72 |       0 |   0.0 |      22 |       0 |   0.0
        D:4 |     484 |     217 |  31.0 |      25 |       2 |   7.4
            +---------+---------+-------+---------+---------+-------
